[Event "Early-Titled-Tuesday-Blitz-May-14-2024"]
[Site "Chess.com"]
[Date "2024.05.14"]
[Round "4"]
[White "SuperJesus88"]
[Black "FREDERICKtheMATE"]
[Result "1-0"]
[WhiteElo "2531"]
[BlackElo "2675"]
[TimeControl "180+1"]
[EndTime "8:41:36 PDT"]
[Termination "SuperJesus88 won by resignation"]

1. e4 e5 2. Nf3 Nc6 3. Bb5 a6 4.
Bxc6 dxc6 5. d4 exd4 6. Qxd4 Qxd4 7. Nxd4 Bd7 8. f3 O-O-O 9. Be3 Bc5 10. Nd2 Be8 11.
N2b3 Bb6 12. Nf5 Bxe3 13. Nxe3 Ne7 14. Kf2 b6 15. Rhd1 Bd7 16. Rd2 c5 17. Rad1 a5 18. Nc1 Rhe8 19. Ne2 Be6 20. Rxd8+ Rxd8 21. Rxd8+ Kxd8 22. a3 b5 23. Nf4 c6 24. Nd3 c4 25. Nf4 a4 26. Ke2 c5 27. Kd2 Kd7 28. c3 Kd6 29. g3 Nc6 30. Nh5 g6 31. Nf6 Ne5 32. f4 Nd3 33. e5+ Kc6 34. Nd1 h5 35. Kc2 Ne1+ 36. Kd2 Nf3+ 37. Ke2 Nxh2 38. Nf2 Bf5 39. Ng8 Bd3+ 40.
Ke3 Nf1+ 41. Kf3 Bf5 42. Ne7+ Kd7 43. Nxf5 gxf5 44. Nd1 Nd2+ 45. Kg2 Nb3 46. Ne3 Ke6 47. Kf2 Nc1 48. Nd1 Nd3+ 49. Ke3 Kd5 50. Kf3 b4 51.
Ne3+ Ke6 52. Nxc4 Nxb2 53. Nxb2 bxa3 54. Nxa4 a2 55. Nxc5+ Kd5 56. Nb3 Kc4 57. Na1 Kxc3 58. Ke3 Kc4 59. Kd2 Kd4 60. Nc2+ Ke4 61. Ke2 h4 62. Kf2 hxg3+ 63. Kxg3 Kd3 64. Nb4+ Ke4 65. Nxa2 1-0

[Event "Early-Titled-Tuesday-Blitz-May-14-2024"]
[Site "Chess.com"]
[Date "2024.05.14"]
[Round "4"]
[White "DonkyDonkyDonkey"]
[Black "Triumphmate"]
[Result "1-0"]
[WhiteElo "2913"]
[BlackElo "2499"]
[TimeControl "180+1"]
[EndTime "8:41:37 PDT"]
[Termination "DonkyDonkyDonkey won by checkmate"]

1. d4 d5 2. Nc3 e6 3. e4 c5 4. exd5 exd5 5. dxc5 Nf6 6. Nf3 Bxc5 7.
Bb5+ Nc6 8. O-O O-O 9. Bg5 Be6 10.
h3 Be7 11. Bd3 h6 12. Bh4 Qb6 13. a3 Rac8 14. Rb1 Rfd8 15. Ne2 Ne4 16. Bxe7 Nxe7 17. Ned4 Ng6 18. Qc1 a6 19. Qe3 Re8 20. Bxe4 dxe4 21. Nd2 Rcd8 22. c3 f5 23. Qg3 Ba2 24. Ra1 Bd5 25. b4 f4 26. Qg4 Re5 27. h4 Qf6 28.
g3 f3 29. Rae1 Be6 30. Nxe6 Rxd2 31. Nd4 h5 32. Qc8+ Kh7 33. Re3 Nxh4 34. gxh4 Qxh4 35. Nxf3 exf3 36. Rxe5 Rd6 37. Qf5+ Rg6+ 38. Qxg6+ Kxg6 39. Rd1 Qh3 40. Rd6+ Kh7 41. Rg5 Qh4 42. Rdg6 Qf4 43.
Rxg7+ Kh8 44. Rg8+ Kh7 45. R5g7+ Kh6 46. Rg3 Qc1+ 47. Kh2 Qd1 48. Rh8# 1-0

[Event "Early-Titled-Tuesday-Blitz-May-14-2024"]
[Site "Chess.com"]
[Date "2024.05.14"]
[Round "4"]
[White "lucasmito"]
[Black "TimGrutter03"]
[Result "1-0"]
[WhiteElo "2736"]
[BlackElo "2562"]
[TimeControl "180+1"]
[EndTime "8:41:37 PDT"]
[Termination "lucasmito won by checkmate"]

1. e4 c6 2. d4 d5 3. Nc3 dxe4 4. Nxe4 Nd7 5. Ng5 e6 6. Bd3 Be7 7. N1f3 h6 8. Nxe6 fxe6 9. Bg6+ Kf8 10. O-O Bf6 11.
Qe2 Ne7 12. Bd3 c5 13. Be3 Nd5 14. c4 Nb4 15. Be4 cxd4 16. Nxd4 Qe7 17. a3 Na6 18. b4 Nc7 19. Rad1 Ne5 20. f4 Nd7 21. Nf3 Kg8 22. Rd2 a5 23. Rfd1 axb4 24. axb4 Nf8 25. Bc5 Qf7 26.
Ne5 Qe8 27. Ng4 Be7 28. Bxe7 Qxe7 29. Rd8 Bd7 30. R1xd7 Qxd8 31. Rxd8 Rxd8 32. Ne5 Na6 33. b5 Nc5 34. Bc2 Nfd7 35. Ng6 Rh7 36. Ne7+ Kh8 37. Bxh7 Kxh7 38. f5 exf5 39. Nxf5 Nf6 40. Qc2 Kh8 41. g3 Nd3 42. Ne3 Ne4 43. Nd5 Nec5 44. Qc3 Ra8 45.
Kg2 Ra2+ 46. Kh3 Nf2+ 47. Kh4 Nfe4 48. Qe5 Rxh2+ 49. Kg4 h5+ 50. Kf3 Rf2+ 51. Ke3 Rf8 52. Qxh5+ Kg8 53. Ne7# 1-0

[Event "Early-Titled-Tuesday-Blitz-May-14-2024"]
[Site "Chess.com"]
[Date "2024.05.14"]
[Round "4"]
[White "CrushingKings"]
[Black "Josgar05"]
[Result "1-0"]
[WhiteElo "2630"]
[BlackElo "2438"]
[TimeControl "180+1"]
[EndTime "8:41:37 PDT"]
[Termination "CrushingKings won on time"]

1. Nf3 Nf6 2. g3 g6 3. b3 b6 4. Bb2 Bb7 5. Bg2 Bg7 6. c4 c5 7. O-O O-O 8. d4 cxd4 9. Qxd4 Nc6 10. Qd2 Rc8 11. Nc3 d6 12. Rfd1 Qd7 13. Rac1 Rfd8 14. e4 Qe8 15. Qe2 Ne5 16. Nd4 Nc6 17. Nf3 Ne5 18.
Nd5 Nxd5 19. exd5 Nxf3+ 20. Bxf3 Bxb2 21. Qxb2 Rc7 22. Rc3 Qf8 23. Re3 Qg7 24. Qe2 Qf6 25. h4 a6 26. Re4 Bc8 27. Re1 Re8 28. Rf4 Qg7 29. a4 a5 30. Qe3 Rb7 31. Kg2 Bd7 32. Re4 Bc8 33. Qf4 Bf5 34. R4e3 Kf8 35.
Qxd6 Rd7 36. Qxb6 h5 37. d6 e5 38. c5 Qf6 39. Bc6 Red8 40. Bxd7 Rxd7 41. Rxe5 Kg7 42. Qc6 Rd8 43. Qd5 Be6 44. Rxe6 fxe6 45. Rxe6 Qf7 46. Qe5+ Kh7 47. Re7 Qxe7 48. Qxe7+ Kh6 49.
Qxd8 1-0

[Event "Early-Titled-Tuesday-Blitz-May-14-2024"]
[Site "Chess.com"]
[Date "2024.05.14"]
[Round "4"]
[White "Rodalquilar"]
[Black "Polish_fighter3000"]
[Result "0-1"]
[WhiteElo "2874"]
[BlackElo "3105"]
[TimeControl "180+1"]
[EndTime "8:41:38 PDT"]
[Termination "Polish_fighter3000 won on time"]

1. d4 Nf6 2. Nf3 g6 3. Bf4 Bg7 4. e3 O-O 5. Be2 d6 6. O-O Nh5 7. Bg5 h6 8. Bh4 g5 9. Nfd2 Nf4 10. exf4 gxh4 11. c3 h3 12. g3 Nd7 13. Re1 c5 14. d5 Nf6 15. Nc4 b5 16. Ne3 Rb8 17. Nd2 e6 18. dxe6 Bxe6 19. f5 Bc8 20. Bf1 d5 21. Bxh3 b4 22. cxb4 Rxb4 23. b3 Qb6 24. Rc1 Bb7 25. Bg2 Rd4 26. Qc2 Rc8 27. a3 a5 28. Nf3 Re4 29. Red1 Ree8 30. h3 Ba8 31. Ng4 Ne4 32. Nh4 a4 33. bxa4 Nc3 34. Re1 d4 35.
Bxa8 Rxa8 36. f6 Bxf6 37. Nxh6+ Kg7 38. N4f5+ Kf8 39. Ng4 Rxe1+ 40. Rxe1 Re8 41. Rxe8+ Kxe8 42. Qd2 Qb1+ 43. Kh2 Qxf5 44. Qe1+ Kd7 45. Qf1 d3 46. Ne3 Qe4 47. Ng2 Qe2 48. Qa1 Qxf2 0-1

[Event "Early-Titled-Tuesday-Blitz-May-14-2024"]
[Site "Chess.com"]
[Date "2024.05.14"]
[Round "4"]
[White "ahkashefi2800"]
[Black "artin10862"]
[Result "0-1"]
[WhiteElo "2603"]
[BlackElo "2867"]
[TimeControl "180+1"]
[EndTime "8:41:38 PDT"]
[Termination "artin10862 won on time"]

1. d4 d5 2. c4 e6 3. cxd5 exd5 4. Nc3 c6 5. Qc2 g6 6. Bf4 Bf5 7. Qb3 Qb6 8. e3 Nd7 9. Nf3 Ngf6 10. Be2 Be7 11. O-O O-O 12. Nd2 Rfe8 13. Rfc1 Bf8 14. h3 h6 15. Bf1 a5 16. Na4 Qa7 17. g4 Be6 18. Qc2 b5 19. Nc3 Rec8 20. Bg2 a4 21. a3 Nb6 22. Nf3 Nc4 23. Qe2 Nd7 24. Rc2 Bg7 25.
Rac1 Ndb6 26. Ne1 Qe7 27. Nd3 Nd7 28. Bg3 Bf8 29. Qf3 Re8 30. Ne2 Rac8 31. Nef4 Nf6 32.
Qd1 Ne4 33. Nxe6 Qxe6 34. Nf4 Qd7 35. Bxe4 dxe4 36. Ne2 Nb6 37. Nf4 Bd6 38. Rc3 Bxf4 39. Bxf4 Nd5 40. Bxh6 Nxc3 41. bxc3 Qe7 42. Kg2 Qxa3 43. d5 Qc5 44. c4 cxd5 45. Rc2 bxc4 46. Qa1 d4 47. exd4 Qd5 48. Qxa4 e3+ 49. Kg1 e2 0-1

[Event "Early-Titled-Tuesday-Blitz-May-14-2024"]
[Site "Chess.com"]
[Date "2024.05.14"]
[Round "4"]
[White "temus_galaktionov"]
[Black "Arhan_Anand"]
[Result "0-1"]
[WhiteElo "2865"]
[BlackElo "2637"]
[TimeControl "180+1"]
[EndTime "8:41:38 PDT"]
[Termination "Arhan_Anand won by resignation"]

1. d4 Nf6 2. c4 e6 3. Nf3 d5 4.
Nc3 Bb4 5. cxd5 exd5 6. Bg5 h6 7. Bxf6 Qxf6 8. e3 O-O 9. Bd3 c6 10. O-O Be6 11. a3 Bd6 12. e4 dxe4 13. Nxe4 Qd8 14. Re1 Bc7 15. Nc5 Bc8 16. h3 Nd7 17. Qc2 Nxc5 18.
dxc5 Qf6 19. Re3 Be6 20. Rae1 Bd5 21. Be4 Be6 22. b4 a6 23. Bd3 Rad8 24. Bc4 Bf5 25. Qb3 Rd7 26. Re8 Rxe8 27. Rxe8+ Kh7 28. Re1 Bg6 29. g3 Re7 30. Rxe7 Qxe7 31. Bd3 Qf6 32. Kg2 Bf5 33. Qc2 Bxd3 34. Qxd3+ Kg8 35. Qd7 Qd8 36.
Qxd8+ Bxd8 37. Ne5 Bc7 38. Nc4 Kf8 39. Kf3 Ke7 40. Ke4 Ke6 41. g4 g6 42. Ne3 Be5 43. f4 Bc7 44. f5+ Ke7 45. Nc4 g5 46.
a4 f6 47. Kd4 Kd7 48. Nd2 Be5+ 49. Kc4 Ke7 50. Nf3 Bc7 51. b5 axb5+ 52. axb5 Kd7 53.
h4 Bg3 54. h5 Bc7 55. Nd4 Be5 56. Nb3 Bc7 57. Kb4 Be5 58. bxc6+ bxc6 59. Ka5 Kc7 60. Ka6 Bc3 61. Nd2 Bxd2 0-1

[Event "Early-Titled-Tuesday-Blitz-May-14-2024"]
[Site "Chess.com"]
[Date "2024.05.14"]
[Round "4"]
[White "blitzking1729"]
[Black "Manukyan_Artak"]
[Result "1-0"]
[WhiteElo "2758"]
[BlackElo "2570"]
[TimeControl "180+1"]
[EndTime "8:41:39 PDT"]
[Termination "blitzking1729 won by resignation"]

1. c4 g6 2. Nc3 Bg7 3. g3 h5 4.
Nf3 e5 5. d3 d6 6. Bg5 f6 7. Bd2 c5 8. h4 Nc6 9. Bg2 Bg4 10. Nd5 Nge7 11. a3 a5 12. O-O Nxd5 13.
cxd5 Ne7 14. Nh2 Bf5 15. b4 axb4 16. axb4 Rxa1 17. Qxa1 cxb4 18. Bxb4 O-O 19. e4 Bc8 20. Qa3 Rf7 21. Bxd6 Bf8 22. Rc1 g5 23. hxg5 fxg5 24. Nf3 Ng6 25. Bxf8 Rxf8 26. Qb2 Qf6 27. d4 g4 28.
Nxe5 h4 29. Nxg6 Qxg6 30. gxh4 g3 31. Rf1 Bh3 32. Bxh3 gxf2+ 33. Kh2 Rf3 34. Qxf2 Rxf2+ 35. Rxf2 Qxe4 36. d6 Qxd4 37. Rg2+ Kf7 38. d7 b5 39. Re2 Qd6+ 40. Kg2 Qd5+ 41. Kg1 Qd1+ 42. Kf2 Qd4+ 43. Kf3 Qxh4 44. Bg4 Qf6+ 45. Kg3 Qd6+ 46. Kh3 Qd3+ 47. Kh4 Qh7+ 48. Bh5+ 1-0

[Event "Early-Titled-Tuesday-Blitz-May-14-2024"]
[Site "Chess.com"]
[Date "2024.05.14"]
[Round "4"]
[White "NMJeevanK"]
[Black "Antosha_Chekhonte"]
[Result "0-1"]
[WhiteElo "2734"]
[BlackElo "2581"]
[TimeControl "180+1"]
[EndTime "8:41:41 PDT"]
[Termination "Antosha_Chekhonte won by checkmate"]

1. e4 c6 2. c4 d5 3. cxd5 cxd5 4. exd5 Nf6 5. d4 Nxd5 6. Nc3 g6 7. Nf3 Bg7 8. Bc4 Nb6 9. Bb3 O-O 10. h3 Nc6 11. Be3 Na5 12. O-O Nxb3 13. Qxb3 Be6 14. Qc2 Rc8 15. Rfe1 Nd5 16. Rad1 Qb6 17. Qd2 Nxc3 18.
bxc3 Qa6 19. Bh6 Qxa2 20. Qf4 Rfe8 21. Qh4 Bf6 22. Bg5 Kg7 23. Qh6+ Kg8 24. Re4 Bg7 25. Qh4 Qc2 26. Rde1 Bd5 27. R4e3 e6 28. Ne5 Rxc3 29.
Bf6 Rxe3 30. Rxe3 Bf8 31. Ng4 h5 32. Be5 Be7 33. Nf6+ Kf8 34. Qf4 g5 35. Qxg5 Qg6 36. Qxg6 fxg6 37. Nxe8 Kxe8 38. g4 a5 39. gxh5 gxh5 40.
Re1 a4 41. Bf4 b5 42. Bd2 b4 43. Rb1 a3 44. Bc1 b3 45. Kf1 Bb4 46. Ke2 a2 47.
Ra1 Bc3 48. Ke3 Bxa1 49. Kd3 Bxd4 50. Kxd4 a1=Q+ 51. Kd3 Qxc1 52. Ke2 Qc2+ 53. Ke3 b2 54. Kf4 b1=Q 55. Kg5 Qf5+ 56. Kh4 Qxf2+ 57. Kg5 Qff5+ 58.
Kh6 Qg6# 0-1

[Event "Early-Titled-Tuesday-Blitz-May-14-2024"]
[Site "Chess.com"]
[Date "2024.05.14"]
[Round "4"]
[White "Herzog2012"]
[Black "Escudito"]
[Result "1-0"]
[WhiteElo "2544"]
[BlackElo "2342"]
[TimeControl "180+1"]
[EndTime "8:41:41 PDT"]
[Termination "Herzog2012 won by checkmate"]

1. e4 e6 2. d4 d5 3. Nd2 c5 4. exd5 Qxd5 5. Ngf3 Nf6 6. Bc4 Qd8 7.
O-O cxd4 8. Nb3 Be7 9. Qe2 Nc6 10.
Rd1 O-O 11. Nbxd4 Nxd4 12. Rxd4 Qc7 13. Bf4 Qc5 14. Rad1 a6 15. Ne5 b5 16. Bb3 Bb7 17.
Nxf7 Kxf7 18. Qxe6+ Kg6 19. c3 Qf5 20. Qxe7 Be4 21.
Qe5 Rae8 22. Qxf5+ Bxf5 23. f3 Re2 24. R4d2 Rfe8 25.
g4 Bc8 26. Bc2+ Kf7 27. Rxe2 Rxe2 28. Rd2 Re1+ 29. Kf2 Ra1 30. h4 h6 31. h5 Be6 32.
a3 Ba2 33. Bg6+ Ke7 34. Bd6+ Ke6 35. Bb4 Bd5 36. Bf5+ Kf7 37. Bg6+ Ke6 38. Re2+ Kd7 39. Re7+ Kc6 40. Rxg7 Ra2 41. g5 Rxb2+ 42. Kg3 hxg5 43.
h6 Nh5+ 44. Bxh5 Rb1 45. h7 Rg1+ 46. Kf2 Rh1 47. h8=Q Rh2+ 48. Kg3 g4 49. Qc8+ Kb6 50.
Qc7# 1-0

[Event "Early-Titled-Tuesday-Blitz-May-14-2024"]
[Site "Chess.com"]
[Date "2024.05.14"]
[Round "4"]
[White "CarlosjPineror"]
[Black "slorovel"]
[Result "1/2-1/2"]
[WhiteElo "2724"]
[BlackElo "2567"]
[TimeControl "180+1"]
[EndTime "8:41:43 PDT"]
[Termination "Game drawn by stalemate"]

1. e4 e6 2. d4 d5 3. e5 Bd7 4.
Nf3 a6 5. Bd3 c5 6. O-O Bb5 7.
c3 Bxd3 8. Qxd3 Nc6 9. a3 cxd4 10. cxd4 Nge7 11. b4 Qb6 12. Nc3 Nf5 13. Be3 Be7 14. Nxd5 Qd8 15. Nc3 Nxe3 16. Qxe3 O-O 17. Rad1 Qb6 18.
Rfe1 a5 19. b5 Na7 20. a4 Bb4 21. d5 Qxe3 22. Rxe3 Rac8 23. Ne2 exd5 24. Rxd5 Rc2 25. g3 Nc8 26. Rd7 Nb6 27. Rxb7 Nxa4 28. Nfd4 Rcc8 29.
Nc6 Nc5 30. Ra7 Ne6 31. Re4 h6 32. Nxb4 axb4 33. Rxb4 Rc5 34. b6 Rb8 35. b7 Nc7 36.
f4 Kf8 37. Nd4 Ke7 38. Rb6 Kd7 39. Rd6+ Ke7 40. Nc6+ Rxc6 41. Rxc6 Kd7 42. Rd6+ Ke7 43. Rb6 Kd7 44. h4 h5 45. Kg2 g6 46. Kh3 Ne6 47. Ra8 Kc7 48. Rxb8 Kxb8 49. Rxe6 fxe6 50. g4 Kxb7 51. gxh5 gxh5 52. f5 exf5 53. Kg3 Kc7 54. Kf4 Kd7 55. Kxf5 Ke7 56. Kg6 Ke6 57. Kxh5 Kf5 58. e6 Kf6 59. e7 Kxe7 60. Kg6 Kf8 61. Kh7 Kf7 62. h5 Kf8 63. h6 Kf7 64. Kh8 Kf8 65.
h7 Kf7 1/2-1/2

[Event "Early-Titled-Tuesday-Blitz-May-14-2024"]
[Site "Chess.com"]
[Date "2024.05.14"]
[Round "4"]
[White "JacksterThePro"]
[Black "kids2010"]
[Result "0-1"]
[WhiteElo "2467"]
[BlackElo "2783"]
[TimeControl "180+1"]
[EndTime "8:41:44 PDT"]
[Termination "kids2010 won on time"]

1. e4 c5 2. Nf3 e6 3. d4 cxd4 4. Nxd4 Nc6 5. Nc3 Qc7 6. Be3 a6 7. Qf3 Nf6 8. O-O-O b5 9. a3 Ne5 10. Qg3 Bb7 11. Bd3 Rc8 12. f4 Nxd3+ 13. Rxd3 Nxe4 14. Nxe4 Bxe4 15. Rc3 Qb8 16. f5 Qa8 17. fxe6 dxe6 18. Rxc8+ Qxc8 19. Rf1 Bg6 20. h4 Bc5 21. h5 Bxd4 22.
hxg6 Bxe3+ 23. Qxe3 hxg6 24. Qe5 O-O 25. Rh1 f6 26.
Qg3 Kf7 27. Rh4 Rd8 28. Rg4 g5 29. Qf3 Rd5 30. Re4 Qc5 31. Qh5+ Ke7 32. Kb1 Rf5 33. Re1 Qf2 34. Rd1 Rd5 35. Rxd5 exd5 36. Qg6 Qxg2 37. Qxg7+ Ke6 38. Qg8+ Ke5 39. Qb8+ Kd4 40.
Qb6+ Ke5 41. Qc7+ Kf5 42. Qd7+ Kg6 43. Qe8+ Kf5 44. Qd7+ Kf4 45. Qd6+ Kg4 46. Qxf6 Qf3 47. Qe6+ Kg3 48. Qe5+ Kh4 49. Qh2+ Kg4 50. Qe5 Qe4 51. Qd6 Kf3 52. Qf6+ Qf4 53. Qc3+ Kg2 0-1

[Event "Early-Titled-Tuesday-Blitz-May-14-2024"]
[Site "Chess.com"]
[Date "2024.05.14"]
[Round "4"]
[White "KuzubovYuriy"]
[Black "Aslanov_Umid"]
[Result "1-0"]
[WhiteElo "2938"]
[BlackElo "2631"]
[TimeControl "180+1"]
[EndTime "8:41:44 PDT"]
[Termination "KuzubovYuriy won by resignation"]

1. d4 d5 2. Nf3 Nf6 3. c4 e6 4.
Nc3 Be7 5. Bf4 O-O 6. e3 Nbd7 7. c5 c6 8. b4 Nh5 9. Bd3 Nxf4 10. exf4 b6 11.
O-O a5 12. a3 Qc7 13. g3 Ba6 14. Bxa6 Rxa6 15. Qe2 Raa8 16. f5 Rae8 17. fxe6 fxe6 18. Qxe6+ Kh8 19. Qg4 Nf6 20. Qh3 Ne4 21. Nxe4 Rxf3 22.
cxb6 Qxb6 23. Nc5 Bxc5 24. bxc5 Qb2 25. Rab1 Qxd4 26. Rbe1 Rxf2 27. Rxe8+ Rf8+ 28. Kh1 Rxe8 29. Qd7 Qe4+ 30. Kg1 Qe3+ 31. Kg2 Qe2+ 32. Rf2 Qe4+ 33. Kh3 h6 34. Qxc6 Re5 35. Qc8+ Kh7 36. Qg4 Qe1 37. Qf3 d4 38. c6 Qc1 39. Qd3+ Kg8 40. Qb3+ Kh7 41.
Qc2+ Qxc2 42. Rxc2 Re7 43. Kg4 Rc7 44. Kf3 d3 45.
Rc5 a4 46. Ke3 Kg6 47. Kxd3 Kf6 48. Kc4 Ke6 49. Kb5 Kd6 50. Kb6 Rc8 51. c7 Rf8 52. c8=Q Rxc8 53. Rxc8 Kd5 54. Rc5+ Kd4 55. Ra5 Kc3 56.
Rxa4 Kb3 57. Ra7 Kc4 58. Rxg7 Kd5 59. Rg6 Ke5 60. Rxh6 Kf5 61. Rh4 1-0

[Event "Early-Titled-Tuesday-Blitz-May-14-2024"]
[Site "Chess.com"]
[Date "2024.05.14"]
[Round "4"]
[White "Cheer_Down"]
[Black "SlavenPastar"]
[Result "1-0"]
[WhiteElo "2460"]
[BlackElo "2639"]
[TimeControl "180+1"]
[EndTime "8:41:44 PDT"]
[Termination "Cheer_Down won by resignation"]

1. e4 b6 2. d4 Bb7 3. Bd3 Nf6 4.
Qe2 e6 5. Nh3 c5 6. c3 Nc6 7. d5 Ne5 8. c4 Nxd3+ 9. Qxd3 exd5 10. cxd5 d6 11. O-O Be7 12. Nc3 O-O 13. f3 Rc8 14.
Bf4 c4 15. Qd2 a6 16. a4 Nd7 17. Nf2 Nc5 18. Qe2 Bf6 19. Ng4 Bd4+ 20. Be3 Bxe3+ 21. Nxe3 Nb3 22. Ra3 Na5 23. h3 Qc7 24. Qf2 g6 25. Ng4 f6 26. Kh1 h5 27. Ne3 Qc5 28. Re1 Rc7 29. Qg3 Kh7 30. Ne2 Bc8 31. Nf4 Rg8 32.
Rc3 Qd4 33. Ne6 Bxe6 34. dxe6 Re7 35. Rd1 Qe5 36. Qxe5 dxe5 37. Rd6 Rb7 38. Nxc4 Nxc4 39. Rxc4 Re8 40. Rcc6 b5 41. a5 Kg7 42. Rxa6 f5 43. b4 Ree7 44. Rab6 Kf6 45. Rxb7 Rxb7 46. Rb6 Rc7 47.
Rxb5 Kxe6 48. a6 Kf6 49. Ra5 Kg5 50. Rxe5 Kf4 51. Re6 Rc1+ 52. Kh2 g5 53. exf5 Ra1 54. b5 g4 55. fxg4 hxg4 56. hxg4 Kxg4 57. f6 Ra5 58. f7 Rxb5 59. f8=Q Rh5+ 60. Kg1 1-0

[Event "Early-Titled-Tuesday-Blitz-May-14-2024"]
[Site "Chess.com"]
[Date "2024.05.14"]
[Round "4"]
[White "meoluoi91"]
[Black "lilleper1"]
[Result "0-1"]
[WhiteElo "2574"]
[BlackElo "2918"]
[TimeControl "180+1"]
[EndTime "8:41:45 PDT"]
[Termination "lilleper1 won by resignation"]

1. d4 Nf6 2. c3 d5 3. Bg5 Ne4 4. Bf4 c5 5. Nf3 Nc6 6. e3 Bf5 7. Nbd2 e6 8. Nxe4 Bxe4 9. Bd3 Bxd3 10. Qxd3 Bd6 11. Bxd6 Qxd6 12. O-O O-O 13. Rad1 Rfd8 14. Ng5 f5 15. f4 c4 16. Qe2 h6 17. Nf3 b5 18. Ne5 Nxe5 19. fxe5 Qe7 20. Rf3 Rf8 21. Rdf1 b4 22. cxb4 Qxb4 23. h3 Rab8 24. R1f2 Rb7 25. g4 g6 26. gxf5 Rxf5 27. Rxf5 gxf5 28. Kh2 Rg7 29.
Rg2 a5 30. Rxg7+ Kxg7 31. Kg3 a4 32. Kh4 Qe7+ 33. Kg3 a3 34. bxa3 Qxa3 35. Kh4 Qe7+ 36. Kg3 Qg5+ 37. Kh2 f4 38. exf4 Qxf4+ 39. Kg2 Qxd4 40. a4 c3 41. a5 Qe4+ 42. Kf2 c2 43. Qd2 Qc4 44. Qc1 Qc5+ 45. Kf3 Qxa5 46. Qxc2 Qa3+ 47.
Kf4 Qe7 48. Qg2+ Kf7 49. Qg4 Kf8 50. Ke3 Qg5+ 51. Kd4 Qxg4+ 52. hxg4 Kf7 53. Kc5 Kg6 0-1

[Event "Early-Titled-Tuesday-Blitz-May-14-2024"]
[Site "Chess.com"]
[Date "2024.05.14"]
[Round "4"]
[White "MatyChess1"]
[Black "OparinGrigoriy"]
[Result "0-1"]
[WhiteElo "2662"]
[BlackElo "2980"]
[TimeControl "180+1"]
[EndTime "8:41:45 PDT"]
[Termination "OparinGrigoriy won by resignation"]

1. e4 c6 2. d4 d5 3. e5 c5 4. Nf3 cxd4 5. Qxd4 Nc6 6. Qf4 h6 7.
Bd3 g5 8. Qa4 Bg7 9. O-O Bd7 10.
Qb3 g4 11. Ne1 e6 12. f4 gxf3 13. Nxf3 Nxe5 14. Nxe5 Bxe5 15. Qxb7 Nf6 16. Nd2 Bd4+ 17. Kh1 Rb8 18. Qa6 Ng4 19. Nf3 Bc5 20. Bf4 Rb4 21. Bg3 h5 22. Bh4 Qb6 23. Qxb6 Rxb6 24. b3 Rg8 25.
Rae1 Be7 26. Bg3 Bd6 27. Bh4 Be7 28. Bg3 a5 29. a4 Rb4 30. Re2 h4 31. Be1 h3 32.
gxh3 Nf6 33. Bxb4 Bxb4 34. Rg2 Rh8 35. Ne5 Bd6 36. Nxd7 Nxd7 37. Rg4 Ne5 38. Rg2 Ke7 39. Be2 Ng6 40. Bg4 Nf4 41. Rgf2 e5 42. Re1 Kf6 43. Rd2 d4 44. Bf3 Bb4 45. Rdd1 Bxe1 46. Rxe1 Rxh3 47. Be4 Rc3 48. Kg1 Ke6 49. Kf1 f5 50. Bd3 Nxd3 51. cxd3 Rxd3 52. Rc1 Rxb3 53. Rc5 f4 54. Rxa5 Kf5 55.
Ke2 Ke4 56. Ra8 Ra3 57. h4 Ra2+ 58. Kf1 Kf3 59. Kg1 d3 60. h5 d2 61. Rd8 Ra1+ 62.
Kh2 d1=Q 0-1

[Event "Early-Titled-Tuesday-Blitz-May-14-2024"]
[Site "Chess.com"]
[Date "2024.05.14"]
[Round "4"]
[White "TheoSlade"]
[Black "Fradi82"]
[Result "1-0"]
[WhiteElo "2461"]
[BlackElo "2192"]
[TimeControl "180+1"]
[EndTime "8:41:45 PDT"]
[Termination "TheoSlade won by resignation"]

1. d4 d5 2. c4 c6 3. cxd5 cxd5 4. Bf4 Nf6 5. e3 Nc6 6. Nc3 Ne4 7. Bd3 g5 8. Bxe4 gxf4 9. Bxd5 fxe3 10. fxe3 e6 11.
Bxc6+ bxc6 12. Nf3 Ba6 13. Qa4 Qb6 14. Ne5 Bb5 15. Nxb5 cxb5 16. Qc2 Bb4+ 17. Kf2 f6 18.
Qc6+ Qxc6 19. Nxc6 Bd6 20. Rac1 a5 21. Nxa5 Kd7 22.
Nb3 Rxa2 23. Rc2 Ba3 24. Nc5+ Ke7 25. Nd3 Bd6 26. Rc6 Kd7 27. Rb6 Rc8 28. Rxb5 Rc2+ 29.
Kf3 Rd2 30. Nc5+ Bxc5 31. dxc5 Raxb2 32. Rxb2 Rxb2 33. Rd1+ Kc6 34. Rd6+ Kxc5 35. Rxe6 Rb7 36. Rxf6 Kd5 37. Rf5+ Ke6 38. Ra5 Kf6 39. g4 Rb1 40. Ra6+ Kg7 41. h4 Rf1+ 42. Ke4 Rh1 43. h5 Rg1 44.
Kf5 Rf1+ 45. Kg5 Rf2 46. Ra7+ Kg8 47. e4 Rb2 48. e5 Rb5 49. Kf6 h6 50. Ra8+ Kh7 51.
Ra7+ Kg8 52. e6 Rb6 53. Ra8+ Kh7 54. Kf7 Rb7+ 55. e7 Rc7 56. Ke6 Rc6+ 57. Kd7 Rc2 58. e8=Q Rd2+ 59. Ke6 Re2+ 60. Kf5 Rf2+ 61. Ke4 Re2+ 62.
Kf3 Rxe8 63. Rxe8 Kg7 64. Re6 Kh7 65. Rg6 Kh8 66. Rxh6+ Kg7 67. Rg6+ Kh7 68. g5 Kh8 69. Ra6 Kh7 70. Ra7+ Kh8 71. g6 1-0

[Event "Early-Titled-Tuesday-Blitz-May-14-2024"]
[Site "Chess.com"]
[Date "2024.05.14"]
[Round "4"]
[White "NikitaShnadrygin"]
[Black "tandaleo"]
[Result "0-1"]
[WhiteElo "2728"]
[BlackElo "2579"]
[TimeControl "180+1"]
[EndTime "8:41:46 PDT"]
[Termination "tandaleo won by resignation"]

1. e4 e5 2. Nc3 Nf6 3. f4 d5 4. fxe5 Nxe4 5. Qf3 f5 6. d3 Nxc3 7. bxc3 d4 8. Qg3 Nc6 9. Be2 Be6 10. Nf3 dxc3 11. Be3 Qd7 12. O-O O-O-O 13. a3 h6 14.
h4 g5 15. hxg5 hxg5 16. Nxg5 Bh6 17. Qf2 Bxg5 18. Bxg5 Qh7 19. Qe3 Rdg8 20. Bf3 Qh2+ 21.
Kf2 Qxe5 22. Bxc6 Qxe3+ 23. Bxe3 bxc6 24. Rh1 Rxh1 25. Rxh1 Bd5 26. Rh2 Rg4 27. g3 Kb7 28.
Rh7 a5 29. Bf4 Kb6 30. Bxc7+ Kb5 31. Bd6 Ka4 32. Ra7 Bb3 33. Be5 Bxc2 34. Bxc3 Bxd3 35. Rxa5+ Kb3 36. Bb4 Bb5 37. Ra7 Kc4 38. Rf7 c5 39. Bd2 Kd3 40. Bf4 c4 41. Rxf5 Ba4 42. Rd5+ Kc2 43.
Ke3 c3 44. Ra5 Kb3 45. Rc5 Rg8 46. Be5 c2 47. Rc3+ Ka2 48. Rc4 Bb3 49. Rc5 Kb1 50.
Kd2 Rd8+ 51. Ke2 c1=Q 52. Bf4 Qxc5 0-1

[Event "Early-Titled-Tuesday-Blitz-May-14-2024"]
[Site "Chess.com"]
[Date "2024.05.14"]
[Round "4"]
[White "pirulillo"]
[Black "ZeZacarias"]
[Result "0-1"]
[WhiteElo "2418"]
[BlackElo "2050"]
[TimeControl "180+1"]
[EndTime "8:41:46 PDT"]
[Termination "ZeZacarias won by resignation"]

1. e4 e6 2. d3 c5 3. Nf3 Nc6 4.
g3 g6 5. d4 Bg7 6. d5 exd5 7.
exd5 Nd4 8. d6 Nxf3+ 9. Qxf3 Qf6 10. Qe3+ Qe5 11. Nc3 Qxe3+ 12. Bxe3 Bxc3+ 13. bxc3 b6 14. Bg2 Rb8 15. a4 Bb7 16. Bxb7 Rxb7 17. Ke2 Nf6 18. Rhb1 Ne4 19. Ra3 Nxd6 20. Kd3 O-O 21. a5 Nf5 22. Bxc5 Rc8 23. axb6 axb6 24. Rxb6 Rbc7 25. Bb4 d5 26. Ra5 d4 27. cxd4 Rxc2 28. g4 Ng7 29. Rc5 R2xc5 30.
dxc5 Ne6 31. Kc4 h5 32. h3 hxg4 33. hxg4 Kg7 34. Kb5 Kf6 35. Bd2 Ke5 36. Be3 f5 37. gxf5 gxf5 38. c6 f4 39. Bd2 Nd4+ 40. Ka6 Rxc6 41.
Bc3 Rxb6+ 42. Kxb6 Ke4 43. Kc5 Ne6+ 44. Kd6 Ng5 45.
Ke7 Nh3 46. Be1 Kd3 47. Kf6 Ke2 48. Bb4 Kxf2 49. Kf5 Ke2 50. Kg4 f3 51. Bc5 Nf2+ 52. Kg3 Ne4+ 0-1

[Event "Early-Titled-Tuesday-Blitz-May-14-2024"]
[Site "Chess.com"]
[Date "2024.05.14"]
[Round "4"]
[White "FormerProdigy"]
[Black "Byniolus"]
[Result "1-0"]
[WhiteElo "2999"]
[BlackElo "2828"]
[TimeControl "180+1"]
[EndTime "8:41:47 PDT"]
[Termination "FormerProdigy won on time"]

1. e4 d5 2. exd5 Nf6 3. Nf3 Nxd5 4. d4 Bg4 5. Be2 e6 6. c4 Nb6 7. O-O Nc6 8. Nc3 Be7 9. d5 exd5 10. cxd5 Bxf3 11.
Bxf3 Ne5 12. Be2 O-O 13. b3 Re8 14. Bb2 Bf6 15. Rc1 a6 16. Rc2 Ng6 17. Bf3 Nh4 18. g3 Nxf3+ 19. Qxf3 Qd7 20. Rd1 Rad8 21. a4 h6 22. a5 Nc8 23. Ne4 Bxb2 24. Rxb2 Nd6 25.
Nc5 Qb5 26. b4 b6 27. axb6 cxb6 28. Nd3 Nc4 29. Re2 Rxe2 30. Qxe2 Qxd5 31. Rc1 b5 32. Nf4 Qd2 33. Qxd2 Rxd2 34. Ra1 g5 35. Nh5 Ne5 36. Rxa6 g4 37. Rxh6 Kf8 38. Kg2 Rb2 39. Nf4 Rxb4 40. Rh8+ Kg7 41. Re8 Ng6 42. Nh5+ Kh6 43. Nf6 Kg7 44.
Nh5+ Kh6 45. Nf6 Kg7 46. Nd5 Rb2 47. Ne3 b4 48. Nxg4 b3 49. Rb8 f5 50. Ne3 f4 51. Nf5+ Kf6 52. Nd4 fxg3 53. hxg3 Ne5 54. Rxb3 Rd2 55. Rb6+ Kf7 56. Nf3 1-0